 Dungeon Crawl Stone Soup version 0.18-a0-5-gf1fb587 (webtiles) character file.

93 st0uf the Insei (level 4, 0/38 HPs)
             Began as a Naga Transmuter on Oct 31, 2015.
             Slain by a jackal (3 damage)
             ... on level 3 of the Dungeon.
             The game lasted 00:09:32 (2115 turns).

st0uf the Insei (Naga Transmuter)                   Turns: 2115, Time: 00:09:32

Health: 0/38       AC:  2    Str: 12    XL:     4   Next: 62%
Magic:  7/7        EV: 10    Int: 13    God:
Gold:   82         SH:  0    Dex: 13    Spells: 1 memorised, 6 levels left

rFire  . . .     SeeInvis +       - Unarmed
rCold  . . .     Clarity  .     b - +0 robe
rNeg   . . .     SustAt   .     (no shield)
rPois  +         Gourm    .     (no helmet)
rElec  .         Spirit   .     (no cloak)
rCorr  .         Warding  .     (no gloves)
rMut   .         Stasis   .     (no barding)
MR     .....                    (no amulet)
Stlth  +.........               (no ring)
                                (no ring)

@: short of breath, appendage (expiring), very slow, not resistant to hostile
enchantments, very unstealthy
A: horns 2, see invisible, deformed body, poison resistance, slowness 2, slow
metabolism 1, spit poison 2, AC +1
a: Spit Poison, End Transformation


You were on level 3 of the Dungeon.
You were not hungry.
You had grown temporary horns.
You visited 1 branch of the dungeon, and saw 3 of its levels.

You collected 82 gold pieces.

Inventory:

Missiles
 a - 12 arrows
Armour
 b - a +0 robe (worn)
Scrolls
 h - 2 scrolls of remove curse {unknown}
 i - 2 scrolls of magic mapping {unknown}
 k - a scroll of amnesia {unknown}
 l - a scroll of teleportation {unknown}
 n - a scroll of fear {unknown}
Potions
 e - a potion of might {unknown}
 g - a potion of agility
 j - a potion of magic {unknown}
Books
 c - a book of Changes

   Spells                             Type                      Level
   a - Beastly Appendage              Transmutation                1
   b - Sticks to Snakes               Transmutation                2
   c - Spider Form                    Transmutation/Poison         3
   d - Ice Form                       Ice/Transmutation            4
   e - Blade Hands                    Transmutation                5
Comestibles
 d - 4 bread rations
 f - a beef jerky
 m - 3 chunks of flesh


   Skills:
 - Level 1.0 Fighting
 + Level 2.6 Dodging
 + Level 3.4 Unarmed Combat
 - Level 2.0 Spellcasting
 + Level 3.4 Transmutations


You had 6 spell levels left.
You knew the following spells:

 Your Spells              Type           Power        Failure   Level  Hunger
a - Beastly Appendage     Trmt           ##....       10%         1    ##.....


Dungeon Overview and Level Annotations

Branches:
Dungeon (3/15)

Altars:
Elyvilon


Innate Abilities, Weirdness & Mutations

You cannot wear boots.
Your serpentine skin is tough (AC +1).
You have supernaturally acute eyesight.
Armour fits poorly on your strangely shaped body.
Your system is resistant to poisons.
You cover ground very slowly.
You have a slow metabolism.
You can spit poison.
You have a pair of horns on your head.


Message History

* * * LOW HITPOINT WARNING * * *
You closely miss the jackal.
The jackal bites you but does no damage.
You barely miss the jackal. Your headbutt misses the jackal.
Your transformation is almost over.
You have got your breath back.
The jackal bites you but does no damage.
Press: ? - help, Shift-Dir - straight line, f/p - jackal
Aim: a jackal The splash of poison hits the jackal.
The jackal appears unharmed.
You feel slightly more hungry. The jackal bites you.
* * * LOW HITPOINT WARNING * * *
You barely miss the jackal. The jackal bites you.
* * * LOW HITPOINT WARNING * * *
The jackal bites you.
* * * LOW HITPOINT WARNING * * *
You closely miss the jackal.
The jackal bites you but does no damage.
You barely miss the jackal. The jackal bites you.
You die...

..... #.. S... .$.#
... .... ..###..##
..#.... ##...#
#l<.# ###h#.##
.########.@.#..##
.............#..#.#
......######......#
.#### ####.....
#..#. ... #


You could see a giant gecko and a jackal.

Vanquished Creatures
  A gnoll (D:2)
  3 adders
  2 oozes
  An orc (D:2)
  A ball python (D:1)
  4 giant cockroaches
  6 goblins
  4 hobgoblins
  A jackal (D:3)
  A quokka (D:2)
  9 bats
  2 giant newts
  5 kobolds
  5 rats
45 creatures vanquished.

Notes
Turn   | Place    | Note
--------------------------------------------------------------
     0 | D:1      | st0uf the Naga Transmuter began the quest for the Orb.
     0 | D:1      | Reached XP level 1. HP: 18/18 MP: 3/3
   334 | D:1      | Reached XP level 2. HP: 16/25 MP: 3/5
   831 | D:1      | Reached XP level 3. HP: 27/31 MP: 4/6
  1519 | D:2      | Found a white marble altar of Elyvilon.
  1737 | D:2      | Reached XP level 4. HP: 38/38 MP: 5/7
  2115 | D:3      | Slain by a jackal

Vault maps used:
D:1:      scummos_arrival_hexagon, due_unseen_surprise
D:2:      okawaru_altar_gauntlet_db, elyvilon_altar_1,
          kennysheep_generic_room_14
D:3:      gammafunk_temple_overflow_forgotten, first_bread

Action                   |  1- 3 |  4- 6 || total
-------------------------+-------+-------++-------
Melee: Unarmed           |    96 |    51 ||   147
 Cast: Beastly Appendage |    32 |     9 ||    41
 Abil: Spit Poison       |       |     8 ||     8
  Use: Potion            |       |     1 ||     1
 Stab: Sleeping          |     1 |       ||     1
  Eat: Chunk             |     3 |     1 ||     4
